 Dungeon Crawl Stone Soup version 0.21-a0-444-g29a2fec (webtiles) character file.

275 Ijustatesigmund the Skirmisher (level 6, -6/43 HPs)
             Began as an Octopode Artificer on Nov 17, 2017.
             Mangled by Sigmund
             ... wielding a +0 scythe
              (10 damage)
             ... on level 4 of the Dungeon.
             The game lasted 00:06:43 (3592 turns).

Ijustatesigmund the Skirmisher (Octopode Artificer) Turns: 3592, Time: 00:06:44

Health: -6/43      AC:  1    Str: 12    XL:     6   Next: 25%
Magic:  8/8        EV: 13    Int: 13    God:
Gold:   259        SH:  5    Dex: 14    Spells: 5/5 levels left

rFire    . . .     SeeInvis .   a - +1 mace (protect)
rCold    . . .     Gourm    .   g - +0 buckler
rNeg     . . .     Faith    .   (helmet restricted)
rPois    +         Spirit   .   (no amulet)
rElec    .         Reflect  .   e - ring of poison resistance
rCorr    .         Harm     .   (no ring)
MR       .....                  (no ring)
Stlth    +++.......             (no ring)
HPRegen  0.14/turn              (no ring)
MPRegen  0.11/turn              (no ring)
                                (no ring)
                                (no ring)

@: no status effects
A: almost no armour, stealthy swim, amphibious, 8 rings, constrict 8, camouflage
1, gelatinous body 1
a: no special abilities


You were on level 4 of the Dungeon.
You were hungry.

You visited 1 branch of the dungeon, and saw 5 of its levels.

You collected 259 gold pieces.

Inventory:

Hand Weapons
 a - a +1 mace of protection (weapon)
Armour
 g - a +0 buckler (worn)
Jewellery
 e - a ring of poison resistance (left tentacle)
Wands
 b - a wand of flame (15/48)
 c - a wand of enslavement (9/24)
 d - a wand of random effects (15/48)
 j - a wand of random effects (28/48)
 o - a wand of clouds (4/9)
Scrolls
 k - a scroll of fear
 n - a scroll of amnesia
Potions
 i - a potion of brilliance
 m - a potion of heal wounds
Comestibles
 f - 5 bread rations
 q - a meat ration


   Skills:
 + Level 3.9 Fighting
   Level 1.0 Short Blades
 + Level 2.6 Maces & Flails
 - Level 2.0 Dodging
 - Level 1.3 Stealth
 - Level 3.2 Shields
 - Level 3.2 Evocations


You had 5 spell levels left.
You didn't know any spells.

Dungeon Overview and Level Annotations

Branches:
Dungeon (5/15)
 Temple: D:4-7

Altars:
Nemelex Xobeh
Yredelemnul

Annotations:
D:4 Sigmund


Innate Abilities, Weirdness & Mutations

You cannot wear most types of armour.
You are very stealthy in the water. (Stealth+)
You are amphibious.
You can wear up to eight rings at the same time.
You can use your tentacles to constrict eight enemies at once.
Your skin changes colour to match your surroundings (Stealth+).
Your rubbery body absorbs attacks. (AC +1, EV +1)


Message History

The orc priest hits you with a dagger. The orc closely misses you.
The crimson imp shouts!
You hit the orc but do no damage.
Your weapon exudes an aura of protection.
You grab the orc.
You constrict the orc, but do no damage.
The orc priest completely misses you. The orc hits you with a whip.
You release your grip on the orc.
Sigmund barely misses you. The orc closely misses you.
The crimson imp hits you. You block Sigmund's attack.
The orc barely misses you. You block Sigmund's attack.
The orc priest invokes the aid of Beogh against you.
Beogh smites you!
* * * LOW HITPOINT WARNING * * *
There is a stone staircase leading down here.
The crimson imp misses you.
Sigmund hits you from afar with a scythe!
You die...

#...........####<###
...#..........#.>.#
####..........[.###
#............##
#.#<.....%.....
...#..........# #..
#..@.......# ..
##..o5o...##
#....@....#
#.#........#
#.#.#.......#
#.#.##......# #.#.
##.....# ##. #....#
#....# #....


You could see Sigmund, an orc priest, a crimson imp and an orc.

Vanquished Creatures
  The ghost of namelastname112 the Sneak, an amateur GnAs of Dithmenos (D:3)
  Ijyb (D:3)
  6 adders
  An adder skeleton (D:5)
  A worm (D:2)
  2 dart slugs (D:1)
  5 leopard geckos
  15 orcs
  A ball python (D:3)
  3 giant cockroaches
  6 goblins
  8 hobgoblins
  3 quokkas
  10 bats
  3 frilled lizards
  11 kobolds
  8 rats
  A spectral orc (D:3)
86 creatures vanquished.

Vanquished Creatures (others)
  An orc (D:5)
1 creature vanquished.

Grand Total: 87 creatures vanquished

Notes
Turn   | Place    | Note
-------+----------+-------------------------------------------
     0 | D:1      | Ijustatesigmund the Octopode Artificer began the quest for the Orb.
     0 | D:1      | Reached XP level 1. HP: 13/13 MP: 3/3
   432 | D:1      | Reached XP level 2. HP: 19/19 MP: 4/4
   513 | D:1      | Reached skill level 1 in Shields
   695 | D:1      | Reached XP level 3. HP: 25/25 MP: 5/5
  1612 | D:2      | Reached XP level 4. HP: 26/30 MP: 6/6
  1855 | D:2      | Reached skill level 1 in Maces & Flails
  2439 | D:3      | Reached XP level 5. HP: 26/36 MP: 7/7
  2539 | D:3      | Found a basalt altar of Yredelemnul.
  2539 | D:3      | Noticed Ijyb
  2543 | D:3      | Killed Ijyb
  2849 | D:3      | Found a sparkling altar of Nemelex Xobeh.
  2934 | D:3      | Noticed namelastname112's ghost (amateur GnAs)
  2956 | D:3      | Killed namelastname112's ghost
  2956 | D:3      | Reached XP level 6. HP: 13/43 MP: 8/8
  3515 | D:4      | Noticed Sigmund
  3524 | D:5      | Entered Level 5 of the Dungeon
  3592 | D:4      | Mangled by Sigmund

Vault maps used:
D:1:      dpeg_arrival_simpleton_c
D:3:      yredelemnul_forgotten_temple_becter,
          nemelex_xobeh_ov_fountains_minmay, grunt_ministairs_14,
          minmay_misc_feat_more_columns, uniq_ijyb
D:4:      first_bread, minmay_misc_feat_ornament, wad_orctagon, uniq_sigmund
D:5:      dancing_weapons_uskayaw, slow_altar_1,
          gammafunk_temple_overflow_elements, portal_sewer_entry_e,
          serial_shops, nicolae_shop_behind_doors, enter_ossuary_4,
          elyvilon_altar_4

Skill      XL: |  1  2  3  4  5 |
---------------+----------------+-----
Fighting       | 2 3 |  3.9
Shields        | 1 2 3 |  3.2
Maces & Flails | 1 2 |  2.6
Short Blades   | |  1.0
Dodging        | |  2.0
Stealth        | |  1.3
Evocations     | |  3.2

Action                   |  1- 3 |  4- 6 || total
-------------------------+-------+-------++-------
Melee: Short sword       |    58 |       ||    58
       Constrict         |    18 |    30 ||    48
       Tentacles         |    11 |    15 ||    26
       Whip              |    19 |       ||    19
       Mace              |    11 |   124 ||   135
Evoke: Wand              |       |     6 ||     6
  Use: Scroll            |     3 |     7 ||    10
       Potion            |       |     1 ||     1
 Stab: Sleeping          |     8 |     7 ||    15
       Held in net/web   |       |     1 ||     1
  Eat: Chunk             |     1 |     5 ||     6
       Royal jelly       |       |     1 ||     1
Armor: Skin              |     7 |    31 ||    38
Dodge: Dodged            |    51 |    83 ||   134
Block: Buckler           |    16 |    33 ||    49

Table legend:
 A = Spawn XP
 B = Non-spawn XP
 C = Spawn XP percentage of total XP
 D = Spawn monster count
 E = Non-spawn monster count
 F = Spawn count percentage of total count
 G = Total turns spent on level
                    A         B        C        D         E        F      G
               +---------+---------+-------+---------+---------+-------+---------
         Total |       0 |     394 |   0.0 |       0 |      86 |   0.0 |  3592
               +---------+---------+-------+---------+---------+-------+---------
           D:1 |       0 |      38 |   0.0 |       0 |      21 |   0.0 |  1094
           D:2 |       0 |      76 |   0.0 |       0 |      17 |   0.0 |   859
           D:3 |       0 |     264 |   0.0 |       0 |      43 |   0.0 |  1529
           D:4 |       0 |       8 |   0.0 |       0 |       3 |   0.0 |    76
           D:5 |       0 |       8 |   0.0 |       0 |       2 |   0.0 |    34
               +---------+---------+-------+---------+---------+-------+---------
